 Dungeon Crawl Stone Soup version 0.21.0 (webtiles) character file.

28 tidbits the Sneak (level 2, 0/11 HPs)
             Began as a Felid Air Elementalist on Jan 7, 2018.
             Slain by an orc
             ... wielding a +0 flail
              (6 damage)
             ... on level 2 of the Dungeon.
             The game lasted 00:02:49 (463 turns).

tidbits the Sneak (Felid Air Elementalist)           Turns: 463, Time: 00:02:50

Health: 0/11       AC:  1    Str:  4    XL:     2   Next: 96%
Magic:  5/6        EV: 18    Int: 16    God:
Gold:   0          SH:  0    Dex: 16    Spells: 4/5 levels left
                                        Lives:  0   Deaths: 0

rFire    . . .     SeeInvis +     - Unarmed
rCold    . . .     Gourm    .   (shield unavailable)
rNeg     . . .     Faith    .   (armour unavailable)
rPois    .         Spirit   .   (helmet unavailable)
rElec    .         Reflect  .   (cloak unavailable)
rCorr    .         Harm     .   (gloves unavailable)
MR       .....                  (boots unavailable)
Stlth    ++++......             (no amulet)
HPRegen  0.03/turn              b - ring of stealth
MPRegen  0.10/turn              (no ring)

@: quick
A: very small, no armour, no weapons or thrown items, stealth, claws 1, fangs 3,
see invisible, carnivore, speed 1, shaggy fur 1, slow metabolism 1, sharp paws
a: no special abilities


You were on level 2 of the Dungeon.
You were very full.

You visited 1 branch of the dungeon, and saw 3 of its levels.

Inventory:

Jewellery
 b - a ring of stealth (left paw)
   (You found it on level 1 of the Dungeon)
Scrolls
 d - 2 scrolls of identify {unknown}
 e - a scroll of fear {unknown}
 f - a scroll of fog {unknown}
Books
 a - a book of Air

   Spells                             Type                      Level
   a - Shock                          Conjuration/Air              1
   b - Swiftness                      Charms/Air                   2
   c - Static Discharge               Conjuration/Air              3
   d - Airstrike                      Air                          4
   e - Lightning Bolt                 Conjuration/Air              5
Comestibles
 c - 3 rations


   Skills:
 - Level 2.6 Dodging
 + Level 4.0 Stealth
 + Level 1.7 Unarmed Combat
 - Level 2.0 Spellcasting
 - Level 0.8 Conjurations
 - Level 2.6 Air Magic


You had 4 spell levels left.
You knew the following spells:

 Your Spells              Type           Power        Failure   Level  Hunger
a - Shock                 Conj/Air       #...         10%         1    #......


Dungeon Overview and Level Annotations

Branches:
Dungeon (3/15)

Altars:
Zin

Shops:
D:2 *


Innate Abilities, Weirdness & Mutations

You cannot wear armour.
You are incapable of wielding weapons or throwing items.
Your paws allow you to move quietly. (Stealth)
You have sharp claws.
You have razor-sharp teeth.
You have supernaturally acute eyesight. (SInv)
You are carnivorous and can eat meat at any time.
You cover ground quickly.
You are covered in fur. (AC +1)
You have a slow metabolism.
Your sharp claws are effective at attacking unaware monsters.


Message History

You swing at nothing.
You swing at nothing.
You swing at nothing.
You swing at nothing.
You swing at nothing.
You swing at nothing.
You swing at nothing.
You swing at nothing.
You swing at nothing.
You swing at nothing.
You swing at nothing.
You swing at nothing.
You swing at nothing.
You swing at nothing.
You swing at nothing.
You swing at nothing.
You swing at nothing.
You swing at nothing.
You swing at nothing.
You swing at nothing.
You swing at nothing.
You swing at nothing.
You swing at nothing.
You swing at nothing.
You swing at nothing.
You swing at nothing.
You swing at nothing.
You swing at nothing.
You swing at nothing.
You swing at nothing.
You swing at nothing.
You swing at nothing.
You swing at nothing.
You swing at nothing.
You swing at nothing.
You swing at nothing.
You swing at nothing.
You swing at nothing.
Wield which item (- for none, * to show all)? (? for menu, Esc to quit)
Your mouth is now empty.
Things that are here:
a jackal corpse x2
Butcher a jackal corpse? [(y)es/(c)hoosy/(n)o/(a)ll/(e)dible/(q)uit/?]
You butcher the jackal corpse. x2
f - 2 chunks of flesh;
f - 5 chunks of flesh (gained 3)
Things that are here:
a jackal skeleton x2
Unknown command.
Eat one of 5 chunks of flesh? (ye/n/q)
You eat one of the 5 chunks of flesh.
This raw flesh tastes great.
Eat one of 4 chunks of flesh? (ye/n/q)
You eat one of the 4 chunks of flesh.
This raw flesh tastes great.
Eat one of 3 chunks of flesh? (ye/n/q)
You eat one of the 3 chunks of flesh.
This raw flesh tastes great.
Eat one of 2 chunks of flesh? (ye/n/q)
You eat one of the 2 chunks of flesh.
This raw flesh tastes great.
Eat a chunk of flesh? (ye/n/q)
You eat the chunk of flesh.
This raw flesh tastes great.
Okay, then.
You see here a mace.
Found 12 stones.
You see here 12 stones.
Found a stone staircase leading down.
A kobold comes into view.
There is a stone staircase leading down here.
The helpless kobold fails to defend itself.
You claw the kobold!
You kill the kobold!
There is a stone staircase leading down here.
You climb downwards.
A bat, a goblin and 2 orcs come into view.
There is a stone staircase leading up here.
The helpless bat fails to defend itself.
You claw the bat!
You kill the bat!
An orc priest comes into view.
You see here a bat corpse.
The orc shouts! x2; You hear a shout!
The orc priest shouts!
You hear a shout!
The goblin shouts!
A rat and an orc come into view.
You open the door. The orc misses you.
Found a scroll labeled XUGUMA QEAMIEC.
Found a stone staircase leading up.
There is an open door here.
A bat comes into view.
You see here a scroll labeled XUGUMA QEAMIEC.
f - a scroll labeled XUGUMA QEAMIEC The rat twitches its whiskers.
There is a stone staircase leading up here.
The bat barely misses you. The orc hits you with a flail.
You climb upwards.
There is a stone staircase leading down here.
You scratch the orc but do no damage.
Casting: Shock
Confirm with . or Enter, or press ? or * to list all spells.
Aiming: Shock
Press: ? - help, Shift-Dir - straight line The zap hits the orc.
The orc appears unharmed.
The zap hits the orc.
The orc appears unharmed.
The orc hits you with a flail.
Ouch! That really hurt!
You die...

###############
...............
.......>#
#######o######.
#@.......
#........#####.
#.######.# .#
.. ###


You could see an orc.

Vanquished Creatures
  An adder (D:2)
  A worm (D:2)
  2 leopard geckos (D:1)
  A goblin (D:1)
  A hobgoblin (D:2)
  3 jackals (D:2)
  3 bats
  2 kobolds (D:2)
  A rat (D:1)
15 creatures vanquished.

Notes
Turn   | Place    | Note
-------+----------+-------------------------------------------
     0 | D:1      | tidbits the Felid Air Elementalist began the quest for the Orb.
     0 | D:1      | Reached XP level 1. HP: 7/7 MP: 4/4
    32 | D:1      | Reached skill level 3 in Stealth
    77 | D:1      | Reached skill level 1 in Unarmed Combat
   178 | D:2      | Found Zin's Purification Station.
   178 | D:2      | Found a glowing silver altar of Zin.
   183 | D:2      | Reached XP level 2. HP: 11/11 MP: 1/6
   338 | D:2      | Reached skill level 4 in Stealth
   463 | D:2      | Slain by an orc

Skill      XL: |  1  2 |
---------------+-------+-----
Stealth        | 3 4 |  4.0
Unarmed Combat | 1 |  1.7
Dodging        | |  2.6
Spellcasting   | |  2.0
Conjurations   | |  0.8
Air Magic      | |  2.6

Action                   || total
-------------------------++-------
Melee: Unarmed           ||    24
 Cast: Shock             ||    12
 Stab: Sleeping          ||     7
  Eat: Chunk             ||     6
Armor: Skin              ||     1
Dodge: Dodged            ||    22

Table legend:
 A = Turns spent in this place as a percentage of turns spent in the entire game.
 B = Non-inter-level travel turns spent in this place as a percentage of non-inter-level travel turns spent in the entire game.
 C = Inter-level travel turns spent in this place as a percentage of turns spent in this place.
 D = Turns resting spent in this place as a percentage of non-inter-level travel turns spent in this place.
 E = Turns spent auto-exploring this place as a percentage of non-inter-level travel turns spent in this place.
 F = Non-inter-level travel turns spent in this place divided by the number of levels of this place that you've seen.
                   A       B       C       D       E      F
               +-------+-------+-------+-------+-------+----------------------
         Total | 100.0 | 100.0 |  12.5 |   0.0 |   0.0 | 135.0
       Dungeon | 100.0 | 100.0 |  12.5 |   0.0 |   0.0 | 135.0
               +-------+-------+-------+-------+-------+----------------------

Table legend:
 A = Kills in this place as a percentage of kills in entire the game.
 B = Kills by you in this place as a percentage of kills by you in the entire game.
 C = Kills by friends in this place as a percentage of kills by friends in the entire game.
 D = Other kills in this place as a percentage of other kills in the entire game.
 E = Experience gained in this place as a percentage of experience gained in the entire game.
 F = Experience gained in this place divided by the number of levels of this place that you have seen.
                   A       B       C       D       E      F
               +-------+-------+-------+-------+-------+----------------------
         Total | 100.0 | 100.0 |   N/A |   N/A | 100.0 |  13.3
       Dungeon | 100.0 | 100.0 |   N/A |   N/A | 100.0 |  13.3
               +-------+-------+-------+-------+-------+----------------------

Vault maps used:
D:1:      mrwooster_arrival_statue_2
D:2:      lemuel_doored_altar, zin_purify, lemuel_round_altar, vehumet_crystals,
          first_ration, grunt_gozag_breadcrumbs
